 Dungeon Crawl Stone Soup version 0.20.1-1-g8b1a95d (webtiles) character file.

81 slep the Skirmisher (level 4, 0/37 HPs)
             Began as a Demonspawn Abyssal Knight on Oct 25, 2017.
             Was a Follower of Lugonu.
             Succumbed to an adder's poison
             ... on level 2 of the Dungeon.
             The game lasted 00:05:43 (949 turns).

slep the Skirmisher (Demonspawn Abyssal Knight)      Turns: 949, Time: 00:05:44

Health: 0/37       AC:  5    Str: 18    XL:     4   Next: 19%
Magic:  5/5        EV: 11    Int: 14    God:    Lugonu [*.....]
Gold:   17         SH:  0    Dex: 15    Spells: 3/3 levels left

rFire    . . .     SeeInvis .   a - +1 falchion
rCold    . . .     Gourm    .   (no shield)
rNeg     . . .     Faith    .   b - +0 leather armour
rPois    .         Spirit   +   (no helmet)
rElec    .         Reflect  .   (no cloak)
rCorr    .         Harm     .   i - +0 pair of gloves
MR       .....                  l - +0 pair of boots
Stlth    ++........             (no amulet)
Regen    0.2/turn               d - +6 ring of strength
MPRegen  0.1/turn               (no ring)

@: lethally poisoned (0 -> -3), berserk cooldown, hasted and slowed
A: thin skeletal structure 1, magic shield
a: Depart the Abyss, Renounce Religion


You were on level 2 of the Dungeon.
You worshipped Lugonu.
Lugonu was aware of your devotion.
You were not hungry.

You visited 1 branch of the dungeon, and saw 2 of its levels.
You visited the Abyss 1 time.

You collected 17 gold pieces.

Inventory:

Hand Weapons
 a - a +1 falchion (weapon)
Missiles
 m - 3 steel javelins (quivered)
Armour
 b - a +0 leather armour (worn)
 i - a +0 pair of gloves (worn)
 l - a +0 pair of boots (worn)
Jewellery
 d - a +6 ring of strength (left hand)
Scrolls
 g - a scroll of fog {unknown}
 h - a scroll of teleportation {unknown}
 j - a scroll of amnesia {unknown}
Comestibles
 c - a bread ration


   Skills:
 + Level 4.0 Fighting
 + Level 2.6 Long Blades
 + Level 2.1 Armour
 + Level 1.2 Dodging
 + Level 0.2 Stealth
 + Level 2.5 Invocations


You had 3 spell levels left.
You didn't know any spells.

Dungeon Overview and Level Annotations

Branches:
Dungeon (2/15)

Altars:


Innate Abilities, Weirdness & Mutations

You have a somewhat thin skeletal structure. (Dex +2, Stealth)
When hurt, damage is shared between your health and your magic reserves.


Message History

There isn't anything here!
You feel a strong urge to attack something.
* * * LOW HITPOINT WARNING * * *
You feel sick.
There isn't anything here!
You are no longer berserk.
You are exhausted.
You feel yourself slow down.
You eat the royal jelly.
That royal jelly was delicious!
* * * LOW HITPOINT WARNING * * *
You feel sick.
There is a lethal amount of poison in your body!
A frilled lizard comes into view.
* * * LOW HITPOINT WARNING * * *
You feel sick.
* * * LOW HITPOINT WARNING * * *
You feel sick.
* * * LOW HITPOINT WARNING * * *
You feel sick.
You die...

.### ..#
#.#########
##.........#
##.........l#
######...........#
#................#
#.....@..........#
#................#
#.....######.#####
#.....## #....#
#.####.......##.#
# #.#####.##.# #.
#.# #.##.# #.#.
#.#####.##.###
####.#.
#............#


There were no monsters in sight!

Vanquished Creatures
  A gnoll (D:1)
  4 adders (D:2)
  An ooze (D:2)
  A dart slug (D:1)
  A ball python (D:1)
  5 goblins
  2 hobgoblins (D:1)
  2 kobolds (D:1)
  6 bats (D:1)
  4 frilled lizards
  4 rats
31 creatures vanquished.

Notes
Turn   | Place    | Note
-------+----------+-------------------------------------------
     0 | Abyss:1  | slep the Demonspawn Abyssal Knight began the quest for the Orb.
     0 | Abyss:1  | Reached XP level 1. HP: 18/18 MP: 2/2
    55 | Abyss:1  | Noticed a small abomination
    81 | Abyss:1  | Found a corrupted altar of Lugonu.
    91 | D:1      | Escaped the Abyss
   104 | D:1      | Gained mutation: You have a somewhat thin skeletal structure. (Dex +2, Stealth) [demonic ancestry]
   104 | D:1      | Reached XP level 2. HP: 21/24 MP: 3/3
   203 | D:1      | Reached * piety under Lugonu
   334 | D:1      | Reached XP level 3. HP: 30/30 MP: 4/4
   888 | D:2      | Reached skill level 1 in Dodging
   934 | D:2      | Reached skill level 4 in Fighting
   934 | D:2      | Gained mutation: When hurt, damage is shared between your health and your magic reserves. [demonic ancestry]
   934 | D:2      | Reached XP level 4. HP: 8/37 MP: 5/5
   947 | D:2      | HP: 1/37 [poisoned by an adder]
   949 | D:2      | Succumbed to an adder's poison

Skill      XL: |  1  2  3 |
---------------+----------+-----
Long Blades    | 2 |  2.6
Armour         | 2 |  2.1
Dodging        | 1 |  1.2
Fighting       | 4 |  4.0
Stealth        | |  0.2
Invocations    | |  2.5

Action                   |  1- 3 |  4- 6 || total
-------------------------+-------+-------++-------
Melee: Falchion          |    79 |     3 ||    82
Invok: Depart the Abyss  |     1 |       ||     1
  Use: Potion            |     2 |       ||     2
 Stab: Sleeping          |     1 |       ||     1
  Eat: Royal jelly       |       |     1 ||     1
Armor: Leather armour    |    17 |       ||    17
Dodge: Dodged            |    59 |     2 ||    61
       Rpst.: Falchion   |    18 |       ||    18
